 Dungeon Crawl Stone Soup version 0.28.0-43-g3370ac3207 (webtiles) character file.

Game seed: 10936267521057976567

55 issech the Cudgeller (level 3, -3/35 (36) HPs)
             Began as a Troll Monk on Mar 24, 2022.
             Slain by Crazy Yiuf
             ... wielding a +4 quarterstaff of chaos
              (9 damage)
             ... on level 2 of the Dungeon.
             The game lasted 00:05:23 (1371 turns).

issech the Cudgeller (Troll Monk)                   Turns: 1371, Time: 00:05:24

HP:   -3/35 (36)    AC:  4    Str: 19    XL:     3   Next: 67%
MP:   0/2           EV: 11    Int:  8    God:
Gold: 73            SH:  0    Dex: 22    Spells: 2/2 levels left

rFire   x . .      SeeInvis .   a - +0 mace
rCold   . . .      Faith    .   (no shield)
rNeg    . . .      Spirit   +   b - +0 robe
rPois   +          Reflect  .   (helmet restricted)
rElec   .          Harm     .   (no cloak)
rCorr   .          Rampage  .   (gloves unavailable)
Will    .....                   (boots unavailable)
Stlth   ++........              j - amulet "Peivash" {Spirit rPois rF- Int+2 Dex+8}
HPRegen 0.91/turn               l - ring of flight
MPRegen 0.08/turn               (no ring)

@: flying, lightly drained
A: large, unfitting armour, claws 3, regeneration 1, shaggy fur 1, tough skin 1
a: no special abilities


You were on level 2 of the Dungeon.
You visited 1 branch of the dungeon, and saw 2 of its levels.

You collected 73 gold pieces.

Inventory:

Hand Weapons
 a - a +0 mace (weapon)
 n - a +0 dagger of venom
Missiles
 c - 84 bolts
 d - 22 stones (quivered)
Armour
 b - a +0 robe (worn)
Jewellery
 j - the amulet "Peivash" (around neck) {Spirit rPois rF- Int+2 Dex+8}
   (You found it on level 2 of the Dungeon)

   [amulet of guardian spirit]

   It causes incoming damage to be divided between your reserves of health and
   magic.
   Int:       It affects your intelligence (+2).
   Dex:       It affects your dexterity (+8).
   rF:        It makes you vulnerable to fire.
   rPois:     It protects you from poison.
 l - a ring of flight (left claw)
Scrolls
 f - a scroll of noise {unknown}
 h - a scroll of fog {unknown}
 i - a scroll of vulnerability {unknown}
 m - a scroll of identify {unknown}
Potions
 e - 3 potions of curing {unknown}
 g - 2 potions of flight {unknown}
 k - a potion of heal wounds {unknown}


   Skills:
 + Level 2.7 Fighting
 + Level 3.3 Maces & Flails
 + Level 3.1 Dodging
 + Level 1.1 Stealth


You had 2 spell levels left.
You didn't know any spells.
Your spell library was empty.

Dungeon Overview and Level Annotations

Branches:
Dungeon (2/15)

Altars:
Wu Jian

Shops:
D:1 *

Annotations:
D:2 Crazy Yiuf


Innate Abilities, Weirdness & Mutations

You are too large for most types of armour.
You have claws for hands.
Your natural rate of healing is unusually fast.
You are covered in fur. (AC +1)
You have tough skin. (AC +1)


Message History

Found a stone staircase leading down.
There is a stone staircase leading down here.
A hobgoblin comes into view.
The helpless hobgoblin fails to defend itself.
You sock the hobgoblin!
You kill the hobgoblin!
You see here a hobgoblin corpse.
Found a mace.
Found a runed translucent door.
You fly up into the air.
l - a ring of flight (left claw)
You reach down and open the door.
There is an open translucent door here.
Crazy Yiuf shouts!
You barely miss Crazy Yiuf.
Crazy Yiuf says, "Crazy?
Crazy!?
PORCUPINE!"
Crazy Yiuf hits you with a +4 quarterstaff of chaos.
You hit Crazy Yiuf.
Crazy Yiuf is moderately wounded.
Crazy Yiuf cries, "You mobile head!"
Crazy Yiuf hits you with a +4 quarterstaff of chaos!!
Crazy Yiuf freezes you. Crazy Yiuf barely misses you.
You hit Crazy Yiuf.
Crazy Yiuf is heavily wounded.
Crazy Yiuf barely misses you.
You thump Crazy Yiuf!
Crazy Yiuf is almost dead.
Crazy Yiuf hits you with a +4 quarterstaff of chaos.
Crazy Yiuf draws strength from your wounds!
You closely miss Crazy Yiuf.
Crazy Yiuf is almost dead.
Crazy Yiuf cries, "You leg down broken song, no?"
Crazy Yiuf hits you with a +4 quarterstaff of chaos!
* * * LOW HITPOINT WARNING * * *
You feel drained.
* * * LOW HITPOINT WARNING * * *
You closely miss Crazy Yiuf.
Crazy Yiuf is almost dead.
Crazy Yiuf barely misses you.
Crazy Yiuf hits you with a +4 quarterstaff of chaos!
You die...

#... #.#.
#.#. #...
#..# #####
#... #..)#
#######.#.
#.g.#
#.........
#.@.#
#.#####.#.
##'## #.#
#.## ##.#
#.# #.##
#.## #.#
#..# ##.#
#.# ##.#
#.##
#.######.#
##.##
###.........
#...##
#....)......
#....#
##########..


You could see Crazy Yiuf.

Vanquished Creatures
  2 worms (D:2)
  2 dart slugs
  4 bats
  5 endoplasms
  2 goblins (D:2)
  4 hobgoblins
  4 jackals (D:1)
  A quokka (D:1)
  8 ball pythons
  4 frilled lizards (D:1)
  3 kobolds
  5 rats
44 creatures vanquished.

Notes
Turn   | Place    | Note
-------+----------+-------------------------------------------
     0 | D:1      | issech the Troll Monk began the quest for the Orb.
     0 | D:1      | Reached XP level 1. HP: 22/22 MP: 0/0
   186 | D:1      | Reached XP level 2. HP: 29/29 MP: 1/1
   267 | D:1      | Found Qacih's Assorted Antiques.
   490 | D:1      | Found a faded altar of an unknown god.
   598 | D:1      | Reached XP level 3. HP: 36/36 MP: 2/2
   752 | D:2      | Found an ornate altar of the Wu Jian Council.
   886 | D:2      | Identified the amulet "Peivash" {Spirit rPois rF- Int+2
                  | Dex+8}
  1358 | D:2      | Found a runed translucent door.
  1359 | D:2      | Noticed Crazy Yiuf
  1371 | D:2      | Slain by Crazy Yiuf

Illustrated notes

Levels and vault maps discovered:
D:1:      onia_arrival_mini_spirals, layout_basic, serial_shops, shop,
          ebering_ecumenical_altar_rust
D:2:      layout_loops_ring, basic_altar, uniq_crazy_yiuf_cottage

Skill      XL: |  1  2  3 |
---------------+----------+-----
Maces & Flails | 3 |  3.3
Dodging        | 3 |  3.1
Fighting       | |  2.7
Stealth        | |  1.1

Action                   || total
-------------------------++-------
Melee: Mace              ||   142
       Punch             ||     2
 Stab: Sleeping          ||     4
Armor: Robe              ||    78
Dodge: Dodged            ||   122
